 Dungeon Crawl Stone Soup version 0.29-a0-925-g0a7a3d12f8 (webtiles) character file.

Game seed: 9444236639547955206

612 concernfroge the Trooper (level 7, 0/60 HPs)
             Began as a Mummy Monk on July 28, 2022.
             Was a Priest of Cheibriados.
             Slain by a troll (8 damage)
             ... on level 6 of the Dungeon.
             The game lasted 00:15:33 (4264 turns).

concernfroge the Trooper (Mummy Monk)               Turns: 4264, Time: 00:15:34

Health: 0/60       AC:  7    Str: 25    XL:     7   Next: 20%
Magic:  5/9        EV: 11    Int: 17    God:    Cheibriados [***...]
Gold:   190        SH:  0    Dex: 22    Spells: 6/6 levels left

rFire   x . .      SeeInvis .   m - +0 flail (vorpal)
rCold   + . .      Faith    .   (no shield)
rNeg    + + +      Spirit   .   n - +0 scale mail
rPois   ∞          Reflect  .   (no helmet)
rElec   .          Harm     .   (no cloak)
rCorr   .          Rampage  .   (no gloves)
Will    .....                   c - +0 pair of boots
Stlth   +.........              (no amulet)
HPRegen 0.20/turn               j - ring of flight
MPRegen 0.11/turn               (no ring)

@: weak-willed, flying, very slow
A: cold resistance 1, negative energy resistance 3, torment resistance 2, heat
vulnerability 1, in touch with death 1, no potions
a: Renounce Religion, Bend Time, Temporal Distortion


You were on level 6 of the Dungeon.
You worshipped Cheibriados.
Cheibriados was most pleased with you.
You visited 1 branch of the dungeon, and saw 6 of its levels.
You also visited: Sewer.

You collected 190 gold pieces.

Inventory:

Hand Weapons
 a - a +0 spear
 l - a +0 war axe
 m - a +0 vorpal flail (weapon)
Missiles
 g - 10 poisoned darts (quivered)
Armour
 c - a +0 pair of boots (worn)
 n - a +0 scale mail (worn)
Jewellery
 e - a +6 ring of dexterity
 j - a ring of flight (left hand)
 p - a ring of protection from cold
Wands
 f - a wand of mindburst (6)
 i - a wand of polymorph (8)
 o - a wand of paralysis (5)
Scrolls
 b - 2 scrolls of identify
 d - a scroll of teleportation
 k - 4 scrolls of enchant weapon


   Skills:
 + Level 7.2 Fighting
 - Level 2.4 Polearms
 - Level 2.4 Dodging
 - Level 1.5 Stealth
 + Level 3.6 Invocations


You had 6 spell levels left.
You didn't know any spells.
Your spell library contained the following spells:

 Spells                   Type           Power      Damage    Failure   Level
 Inner Flame              Hex/Fire       0%         N/A       86%         3
 Cause Fear               Hex            0%         N/A       99%         4
 Freezing Cloud           Conj/Ice/Air   0%         6-21      100%        5
 Simulacrum               Ice/Necr       0%         N/A       100%        6
 Discord                  Hex            0%         N/A       100%        8
 Polar Vortex             Ice            0%         N/A       100%        9


Dungeon Overview and Level Annotations

Branches:
Dungeon (6/15)              Sewer (visited)
 Temple: D:4-7

Altars:
Cheibriados
Dithmenos
Fedhas
Okawaru

Annotations:
D:5 Duvessa


Innate Abilities, Weirdness & Mutations

You are immune to poison.
Your flesh is cold resistant. (rC+)
You are immune to negative energy. (rN+++)
You are immune to unholy pain and torment.
You are vulnerable to heat. (rF-)
You are in touch with the powers of death.
You do not drink.


Message History

The ice beast is severely wounded.
The helpless ice beast fails to defend itself.
You hit the ice beast.
You kill the ice beast!
A troll comes into view.
The troll shouts!
Aiming: Paralyse
Press: ? - help, Shift-Dir - straight line, f - troll
Aim: a troll (chance to affect: 49%)
Okay, then.
Okay, then.
Really read the scroll of vulnerability?
As you read the scroll of vulnerability, it crumbles to dust.
Magic quickly surges around you.
Aiming: Mindburst
Press: ? - help, Shift-Dir - straight line, f - troll
Aim: a troll (weak-willed, chance to affect: 72%)
The troll struggles to resist.
Aiming: Mindburst
Press: ? - help, Shift-Dir - straight line, f - hound, p - troll
Aim: a hound (chance to affect: 72%)
The hound's mind is blasted!
Aiming: Mindburst
Press: ? - help, Shift-Dir - straight line, f - troll, p - hound
Aim: a troll (weak-willed, chance to affect: 72%)
The troll's mind is blasted!!
Aiming: Paralyse
Press: ? - help, Shift-Dir - straight line, f/p - troll
Aim: a troll (heavily wounded, weak-willed, chance to affect: 57%)
The troll resists with significant effort.
The troll bites you!
* * * LOW HITPOINT WARNING * * *
The troll closely misses you. x2
Okay, then.
Aiming: Paralyse
Press: ? - help, Shift-Dir - straight line, f/p - troll
Aim: a troll (heavily wounded, weak-willed, chance to affect: 57%)
The troll resists with significant effort.
The troll bites you!
You die...

#S# #<# ......#
#hh...... ......
#........ ./...
5....######...#
.....#...##...#
....###...##...#####
....# #...##Th.#....
....## #...##@....#
#...##....## ...
#...).....#### ....
#...##........ o....
#...##........ ......
##.............
......###....#.!.......
.......................
.....##..####..........


You could see a troll (weak-willed) and a hound.

Vanquished Creatures
  An ice beast (D:6)
  2 kobold brigands (Sewer)
  2 scorpions
  A hound (D:5)
  An orc priest (D:3)
  Ijyb (D:3)
  4 adders
  2 gnolls
  A shadow imp (D:6)
  2 worms (D:3)
  3 dart slugs
  8 orcs
  6 endoplasms
  7 giant cockroaches
  9 goblins
  10 hobgoblins
  6 jackals (D:3)
  7 quokkas
  5 ball pythons
  7 bats
  5 frilled lizards
  7 kobolds
  9 rats
106 creatures vanquished.

Notes
Turn   | Place    | Note
-------+----------+-------------------------------------------
     0 | D:1      | concernfroge the Mummy Monk began the quest for the Orb.
     0 | D:1      | Reached XP level 1. HP: 18/18 MP: 1/1
   346 | D:1      | Reached XP level 2. HP: 23/24 MP: 2/2
   457 | D:1      | HP: 1/25 [gnoll/+0 spear (4)]
   459 | D:1      | Reached skill level 4 in Fighting
   794 | D:1      | Gained mutation: You are in touch with the powers of death.
                  | [Mummy growth]
   794 | D:1      | Reached XP level 3. HP: 30/30 MP: 3/3
  1558 | D:2      | Found a snail-covered altar of Cheibriados.
  1566 | D:2      | Became a worshipper of Cheibriados the Contemplative
  1566 | D:2      | Reached * piety under Cheibriados
  1566 | D:2      | Reached ** piety under Cheibriados
  1600 | D:2      | Found a faded altar of an unknown god.
  1846 | D:2      | Reached XP level 4. HP: 37/38 MP: 4/4
  2093 | D:3      | Reached skill level 5 in Fighting
  2614 | D:3      | Reached XP level 5. HP: 46/46 MP: 5/5
  2621 | D:3      | Noticed Ijyb
  2625 | D:3      | Reached *** piety under Cheibriados
  2638 | D:3      | Killed Ijyb
  2709 | D:3      | Reached skill level 6 in Fighting
  2709 | D:3      | Reached skill level 1 in Invocations
  3041 | D:4      | Noticed an ogre
  3046 | D:5      | Entered Level 5 of the Dungeon
  3245 | D:5      | Found an iron altar of Okawaru.
  3341 | D:5      | Found a glowing drain.
  3366 | D:5      | Reached **** piety under Cheibriados
  3371 | Sewer    | Entered a sewer
  3431 | Sewer    | Reached XP level 6. HP: 33/53 MP: 7/7
  4025 | D:5      | Found a shadowy altar of Dithmenos.
  4032 | D:5      | Found a blossoming altar of Fedhas.
  4206 | D:5      | Noticed Duvessa
  4225 | D:6      | Reached skill level 7 in Fighting
  4244 | D:6      | Reached XP level 7. HP: 19/60 MP: 2/9
  4258 | D:6      | Noticed a troll
  4264 | D:6      | Slain by a troll

Illustrated notes

Levels and vault maps discovered:
D:1:      evilmike_arrival_crescent, layout_basic
D:2:      layout_loops_ring, basic_altar, basic_ecumenical_altar, st_stairs_5
D:3:      layout_basic, kennysheep_generic_room_11, uniq_ijyb
D:4:      layout_cave_pools, kennysheep_mini_moat, general_overflow_altar
D:5:      layout_basic, mainiacjoe_overflow_24_doors, minitemple,
          gup_sewer_entry_pipe, uniq_duvessa
D:6:      layout_rooms, nicolae_overflow_hidden_temple, kennysheep_little_box,
          mainiacjoe_overflow_alcove_1, minmay_temple_entry_junction,
          serial_shops, shop

Skill      XL: |  1  2  3  4  5  6 |
---------------+-------------------+-----
Fighting       | 4 5 6 7 |  7.2
Invocations    | 2 3 |  3.6
Polearms       | |  2.4
Dodging        | |  2.4
Stealth        | |  1.5

Action                   |  1- 3 |  4- 6 |  7- 9 || total
-------------------------+-------+-------+-------++-------
Melee: Spear             |    52 |       |       ||    52
       Long sword        |    69 |       |       ||    69
       Whip              |    11 |    28 |       ||    39
       Punch             |     1 |     1 |       ||     2
       Flail             |       |   147 |     7 ||   154
Invok: Bend Time         |       |     7 |       ||     7
Evoke: Wand              |       |       |     9 ||     9
  Use: Scroll            |       |    11 |     1 ||    12
 Stab: Sleeping          |     7 |     4 |       ||    11
       Paralysed         |       |       |     2 ||     2
Armor: Robe              |    22 |     1 |       ||    23
       Ring mail         |       |    44 |       ||    44
       Scale mail        |       |    50 |       ||    50
Dodge: Dodged            |    81 |   143 |     4 ||   228

Table legend: (Time is in decaauts)
 A = Elapsed time spent in this place.
 B = Non-inter-level travel time spent in this place.
 C = Inter-level travel time spent in this place.
 D = Time resting spent in this place.
 E = Time spent auto-exploring this place.
 F = Levels seen in this place.
 G = Mean time per level.
                   A        B        C        D        E       F      G
               +--------+--------+--------+--------+--------+-----+--------+
         Total |   5223 |   5038 |    185 |    558 |   3531 |   7 |  746.1 |
       Dungeon |   4921 |   4736 |    185 |    558 |   3323 |   6 |  820.2 |
         Sewer |    302 |    302 |      0 |      0 |    208 |   1 |  302.0 |
               +--------+--------+--------+--------+--------+-----+--------+

Top non-repeatable levels by time:
     D:3: 1282 daAuts
     D:1: 1186 daAuts
     D:2: 1145 daAuts
     D:5: 1143 daAuts
   Sewer: 302 daAuts
     D:4: 98 daAuts
     D:6: 64 daAuts
